 Dungeon Crawl Stone Soup version 0.30.1-11-g7821555f0a (webtiles) character file.

Game seed: 16729253004503028920

31279 Amplified the Carver (level 13, -2/92 HPs)
             Began as a Demonspawn Hexslinger on Oct 30, 2023.
             Was a High Priest of Hepliaklqana.
             Killed from afar by a rime drake (25 damage)
             ... with an icy flash freeze
             ... on level 4 of the Lair of Beasts on Oct 31, 2023.
             The game lasted 00:20:49 (13803 turns).

Amplified the Carver (Demonspawn Hexslinger)       Turns: 13803, Time: 00:20:50

Health: -2/92      AC: 18    Str: 14    XL:     13   Next: 25%
Magic:  22/22      EV: 15    Int: 16    God:    Hepliaklqana [*****.]
Gold:   783        SH: 15    Dex: 16    Spells: 9/14 levels left

rFire   + + .        f - +7 Throatcutter {drain, coup de grace}
rCold   . . .        B - +0 kite shield
rNeg    . . .        C - +5 scale mail "Lodwonah" {Int+2}
rPois   +            (no helmet)
rElec   .            (no cloak)
rCorr   .            v - +1 pair of gloves
SInv    .            r - +2 pair of boots
Will    .....        L - amulet of faith
Stlth   +            k - +5 ring of evasion
HPRegen 0.35/turn    D - ring of Reckezia {Fly rPois rF++ Slay+2}
MPRegen 0.18/turn

%: faith
@: mighty, flying
A: reduced essence, hooves 2, powered by pain 3, sturdy frame 1, condensation
shield
a: Renounce Religion, Recall Ancestor, Ancestor Identity, Transference, Idealise


You were on level 4 of the Lair of Beasts.
You worshipped Hepliaklqana.
Hepliaklqana was extremely pleased with you.
You visited 3 branches of the dungeon, and saw 17 of its levels.
You also visited: Ossuary.

You collected 783 gold pieces.

Inventory:

Hand Weapons
 a - a +1 sling of flaming
 e - a +2 vampiric whip
 f - the +7 Throatcutter (weapon) {drain, coup de grace}
   (You found it on level 2 of the Dungeon)
Missiles
 d - 74 poisoned darts
 N - a throwing net
Armour
 i - a +0 leather armour of poison resistance
 r - a +2 pair of boots (worn)
 v - a +1 pair of gloves (worn)
 B - a +0 kite shield (worn)
 C - the +5 scale mail "Lodwonah" (worn) {Int+2}
   (You found it on level 6 of the Dungeon)

   Int:       It affects your intelligence (+2).
Jewellery
 k - a +5 ring of evasion (left hand)
 o - a ring of protection from fire
 u - an amulet of guardian spirit
 D - the ring of Reckezia (right hand) {Fly rPois rF++ Slay+2}
   (You acquired it on level 8 of the Dungeon)

   [ring of flight]

   Slay:      It affects your accuracy & damage with ranged weapons and melee
   (+2).
   rF:        It greatly protects you from fire.
   rPois:     It protects you from poison.
   Fly:       It grants you flight.
 L - an amulet of faith (around neck)
Wands
 n - a wand of iceblast (5)
 z - a wand of mindburst (2)
 E - a wand of flame (36)
 J - a wand of charming (15)
 M - a wand of digging (4)
Scrolls
 c - 5 scrolls of vulnerability
 j - 2 scrolls of silence
 l - 3 scrolls of brand weapon
 q - 4 scrolls of teleportation
 G - 4 scrolls of amnesia
 H - a scroll of fog
 I - a scroll of poison
Potions
 g - a potion of attraction
 h - a potion of flight
 p - 2 potions of cancellation
 s - 3 potions of might
 t - 2 potions of ambrosia
 w - 3 potions of haste
 A - 4 potions of mutation
 F - 2 potions of brilliance
 K - a potion of lignification
 O - 3 potions of curing


   Skills:
 + Level 9.9 Fighting
 * Level 12.0 Long Blades
 - Level 1.3 Maces & Flails
 - Level 2.9 Ranged Weapons
 - Level 5.9 Armour
 - Level 3.3 Dodging
 * Level 9.4 Shields
 - Level 1.0 Spellcasting
 - Level 3.0 Hexes
 - Level 2.0 Ice Magic
 + Level 12.0 Invocations


You had 9 spell levels left.
You knew the following spells:

 Your Spells              Type           Power      Damage    Failure   Level
a - Poisonous Vapours     Pois/Air       0%         N/A       88%         2
b - Ozocubu's Armour      Ice            7%         N/A       86%         3

Your spell library contained the following spells:

 Spells                   Type           Power      Damage    Failure   Level
 Slow                     Hex            40%        N/A       36%         1
 Tukima's Dance           Hex            10%        N/A       73%         3
 Beastly Appendage        Tmut           0%         N/A       77%         1
 Necrotise                Necr           0%         1d4       77%         1
 Sting                    Tmut/Pois      0%         1d3       77%         1
 Wereblood                Tmut           0%         N/A       88%         2
 Dazzling Flash           Conj/Hex       10%        N/A       90%         3
 Inner Flame              Hex/Fire       5%         N/A       90%         3
 Portal Projectile        Hex/Tloc       10%        N/A       90%         3
 Spider Form              Tmut/Pois      0%         N/A       98%         3
 Vampiric Draining        Necr           0%         2d6       98%         3
 Cause Fear               Hex            5%         N/A       98%         4
 Olgreb's Toxic Radiance  Pois           0%         N/A       100%        4
 Passage of Golubria      Tloc           0%         N/A       100%        4
 Agony                    Necr           0%         N/A       100%        5
 Metabolic Englaciation   Hex/Ice        4%         N/A       100%        5
 Silence                  Hex/Air        2%         N/A       100%        5
 Yara's Violent Unravell  Hex/Tmut       2%         3d3       100%        5
 Conjure Ball Lightning   Conj/Air       0%         3x3d6     100%        6
 Simulacrum               Ice/Necr       2%         N/A       100%        6
 Discord                  Hex            5%         N/A       100%        8
 Disjunction              Tloc           0%         N/A       100%        8


Dungeon Overview and Level Annotations

Branches:
Dungeon (12/15)            Temple (1/1) D:4            Lair (4/5) D:9
 Shoals (0/4) Lair:2       Spider (0/4) Lair:3        Slime (0/5) Lair:4
    Orc (0/2) D:11        Ossuary (visited)

Altars:
Ashenzari
Cheibriados
Dithmenos
Fedhas
Gozag
Hepliaklqana
Makhleb
Nemelex Xobeh
Okawaru
Qazlal
Ru
Sif Muna
Trog
Uskayaw
Vehumet
Wu Jian
Xom
Yredelemnul

Shops:
D:12 (

Annotations:
D:11 1 transporter, Quickbrownfox's ghost, journeyman DsCj


Innate Abilities, Weirdness & Mutations

Your life essence is reduced to manifest your ancestor. (-10% HP)
You have hoof-like feet.
You are powered by pain.
Your movements are slightly less encumbered by armour. (ER -2)
A meltable shield of frost defends you. (SH +4)


Message History

You assume a fearsome visage.
The dream sheep looks frightened!
The dream sheep panics and turns to flee.
The dream sheep looks frightened!
The dream sheep stampedes away.
The dream sheep looks frightened!
The dream sheep bleats in terror.
The six-headed hydra easily resists.
You block the six-headed hydra's attack.
The six-headed hydra bites you. x2
The six-headed hydra bites you but does no damage.
You block the six-headed hydra's attack.
The six-headed hydra barely misses you.
Unknown command.
The dream sheep are wreathed in dream dust.
You feel drowsy...
You fall asleep.
The dream sheep bites you.
You wake up.
* * * LOW HITPOINT WARNING * * *
The six-headed hydra bites you but does no damage.
The six-headed hydra bites you.
* * * LOW HITPOINT WARNING * * *
You block the six-headed hydra's attack. x2
The six-headed hydra misses you.
The six-headed hydra closely misses you.
Unknown command.
Okay, then.
Blink to where?
Press: ? - help, Dir - move target
Found 3 stones.
As you read the scroll of blinking, it crumbles to dust.
A yak comes into view.
The yak bellows!
You hear a bellow!
A yak comes into view.
The yak attacks as you move away! The yak gores you but does no damage.
A rime drake comes into view.
A yak comes into view.
The yak bellows!
You hear a bellow!
A yak comes into view. x2
The rime drake breathes ice at you. The icy flash freeze hits you!!
You die...

...,.................,,,,**
...##...............,,,,,,***
..##.Y.............,,,,,,,*,*
...P..............*,,,,,,,,**
..l..............#,*,,,,,,,,****
...Y.............##,,,,,,,,,,*,**
............D.....#,,*,,*,,,,,,,*
...#...#§.......Y#.#,,,,,,,,,,,,,
...+.⌠..#>..Y...@#...,<,,,,,,,,,,
...##...#......#....YYY.*,,,,,,,,
........##.#[##......###,,,,,,,,,
D...#...............#...,,,,,,,,,
.....##....⌠.....##k....,,,,,,,,,
.Y....#.Y..)..Y##.,(....,,,,,,,,,
......!#,⌠,..⌠.*,.,,P...,,,,,,*,,
......#,,,.....**#,*....,,,,,***,
,,,,*,*,,,,⌠,,,,**,,,,,,,,,,,* **


You could see a six-headed hydra, 4 yaks, a rime drake (catching breath) and 2
dream sheep.

Vanquished Creatures
  A boulder beetle (D:12)
  7 death yaks (D:9)
  A skyshark (Lair:3)
  An ugly thing (D:11)
  A manticore (D:12)
  A cyclops (D:12)
  4 elephants (Lair:3)
  2 merfolk sirens (Lair:2)
  A slime creature (D:12)
  4 black mambas (Lair:2)
  5 cane toads
  A gargoyle (D:12)
  3 komodo dragons
  3 kobold demonologists
  3 rime drakes
  2 trolls
  2 blink frogs
  Prince Ribbit (D:9)
  2 jumping spiders (Lair:3)
  A shadow (D:11)
  A vampire (D:9)
  2 wraiths
  19 yaks
  4 wyverns
  A steam dragon (D:4)
  2 vampire mosquitoes (D:12)
  7 water moccasins
  4 orc warriors
  6 ogres
  10 wolves
  4 centaurs
  2 lemures (D:7)
  3 kobold brigands
  A phantom (D:5)
  2 bullfrogs
  5 gnoll sergeants
  2 scorpions (D:5)
  8 wights
  17 killer bees
  4 howler monkeys
  5 centaur zombies (Ossuary)
  5 orc priests
  2 gnoll boudas
  A human zombie (D:6)
  7 hounds
  A sleepcap (D:4)
  Ijyb (D:3)
  3 human skeletons (D:6)
  3 iguanas
  7 orc wizards
  6 mummies (Ossuary)
  19 gnolls
  8 adders
  2 shadow imps
  A white imp (D:8)
  9 worms
  3 dart slugs
  43 orcs
  15 bats
  10 endoplasms
  4 giant cockroaches
  6 goblins
  5 hobgoblins
  9 jackals
  17 kobolds
  A quokka (D:4)
  6 ball pythons
  6 frilled lizards
  5 hobgoblin zombies (Ossuary)
  2 orc zombies (D:6)
  2 rats
364 creatures vanquished.

Vanquished Creatures (collateral kills)
  A two-headed ogre (D:8)
  Pikel (D:7)
  2 elephants (Lair:3)
  2 merfolk sirens (Lair:2)
  An unseen horror (D:11)
  A kobold demonologist (D:12)
  3 blink frogs (Lair:2)
  A slime creature (D:12)
  5 yaks
  3 vampire mosquitoes (D:12)
  2 water moccasins
  2 wolves
  2 kobold brigands
  A bullfrog (Lair:3)
  A killer bee (D:8)
  An orc priest (D:6)
  3 orc wizards
  4 gnolls (D:6)
  2 shadow imps (D:8)
  An orc (D:8)
  3 bats (D:8)
  A hobgoblin zombie (Ossuary)
  4 kobolds
47 creatures vanquished.

Vanquished Creatures (others)
  3 hexers
  4 ancestors
7 creatures vanquished.

Grand Total: 418 creatures vanquished

Notes
Turn   | Place    | Note
-------+----------+-------------------------------------------
     0 | D:1      | Amplified the Demonspawn Hexslinger began the quest for the
                  | Orb.
     0 | D:1      | Reached XP level 1. HP: 15/15 MP: 2/2
   194 | D:1      | Gained mutation: You sometimes gain a little power by
                  | taking damage. [demonic ancestry]
   194 | D:1      | Reached XP level 2. HP: 21/21 MP: 3/3
   572 | D:2      | Reached skill level 1 in Armour
   572 | D:2      | Gained mutation: You have large cloven feet. [demonic
                  | ancestry]
   572 | D:2      | Reached XP level 3. HP: 11/27 MP: 0/4
   700 | D:2      | Reached skill level 1 in Maces & Flails
  1029 | D:2      | Gained mutation: You have hoof-like feet. [demonic
                  | ancestry]
  1029 | D:2      | Reached XP level 4. HP: 23/33 MP: 5/5
  1093 | D:2      | Learned a level 3 spell: Ozocubu's Armour
  1268 | D:2      | Noticed Terence
  1356 | D:2      | Found a sacrificial altar of Ru.
  1579 | D:3      | Noticed Ijyb
  1597 | D:3      | Killed Ijyb
  1771 | D:3      | Gained mutation: You sometimes gain power by taking damage.
                  | [demonic ancestry]
  1771 | D:3      | Reached XP level 5. HP: 38/39 MP: 6/6
  1866 | D:3      | Learned a level 2 spell: Poisonous Vapours
  2579 | D:4      | Found a staircase to the Ecumenical Temple.
  2596 | D:4      | Reached skill level 1 in Ice Magic
  2657 | Temple   | Entered the Ecumenical Temple
  3129 | D:4      | Noticed a black bear
  3323 | Temple   | Became a worshipper of Hepliaklqana the Forgotten
  3420 | D:4      | Gained mutation: Your movements are slightly less
                  | encumbered by armour. (ER -2) [demonic ancestry]
  3420 | D:4      | Reached XP level 6. HP: 42/46 MP: 7/7
  3658 | D:4      | a black bear changed into a steam dragon
  3658 | D:4      | Noticed a steam dragon
  3686 | D:4      | Killed a steam dragon
  3978 | D:4      | Found a basalt altar of Yredelemnul.
  3979 | D:4      | Found a snail-covered altar of Cheibriados.
  4266 | D:2      | Terence changed into Terence the iguana
  4266 | D:2      | Noticed Terence
  4278 | D:2      | Killed Terence the iguana
  4380 | D:5      | Entered Level 5 of the Dungeon
  4407 | D:5      | Reached skill level 1 in Invocations
  4518 | D:5      | Reached skill level 1 in Long Blades
  4518 | D:5      | Reached XP level 7. HP: 31/52 MP: 8/8
  4718 | D:5      | Reached * piety under Hepliaklqana
  5007 | D:5      | Found a stormy altar of Qazlal.
  5389 | D:6      | Gained mutation: A meltable shield of frost defends you.
                  | (SH +4) [demonic ancestry]
  5389 | D:6      | Reached XP level 8. HP: 34/54 MP: 10/10
  5596 | D:6      | Found a sacrificial altar of Ru.
  5596 | D:6      | Found a sparkling altar of Nemelex Xobeh.
  5628 | D:6      | Reached skill level 5 in Fighting
  5676 | D:6      | Reached ** piety under Hepliaklqana
  5680 | D:6      | Reached skill level 5 in Invocations
  5686 | D:6      | Reached skill level 5 in Long Blades
  5840 | D:6      | Found a sand-covered staircase.
  5847 | Ossuary  | Entered an ossuary
  5877 | Ossuary  | Reached XP level 9. HP: 55/61 MP: 13/13
  6437 | D:6      | Identified the +5 scale mail "Lodwonah" {Int+2}
  6791 | D:7      | Remembered your ancestor Ingwe as a hexer
  6806 | D:7      | Reached skill level 5 in Armour
  7175 | D:7      | Reached *** piety under Hepliaklqana
  7210 | D:7      | Noticed Pikel
  7219 | D:7      | Killed Pikel
  7465 | D:8      | Reached XP level 10. HP: 62/69 MP: 15/15
  7518 | D:8      | Noticed a two-headed ogre
  7524 | D:8      | Killed a two-headed ogre
  7650 | D:8      | Reached skill level 1 in Shields
  7912 | D:8      | Found a broken altar of Ashenzari.
  7969 | D:8      | Identified a scroll of acquirement
  7970 | D:8      | Acquired the ring of Reckezia {Fly rPois rF++ Slay+2}
  8213 | D:9      | Found a shimmering blue altar of Sif Muna.
  8219 | D:9      | Found an opulent altar of Gozag.
  8243 | D:9      | Noticed a death yak
  8243 | D:9      | Noticed a death yak
  8247 | D:9      | Noticed a death yak
  8248 | D:9      | Noticed a death yak
  8249 | D:9      | Noticed a death yak
  8250 | D:9      | Noticed a death yak
  8253 | D:9      | Noticed a death yak
  8260 | D:9      | Killed a death yak
  8270 | D:9      | Killed a death yak
  8273 | D:9      | Killed a death yak
  8282 | D:9      | Killed a death yak
  8296 | D:9      | Killed a death yak
  8297 | D:9      | Reached XP level 11. HP: 59/75 MP: 17/17
  8299 | D:9      | Killed a death yak
  8300 | D:9      | Killed a death yak
  8350 | D:9      | Found a staircase to the Lair.
  8491 | D:9      | Reached skill level 5 in Shields
  8586 | D:9      | Found a radiant altar of Vehumet.
  8611 | D:9      | Reached **** piety under Hepliaklqana
  8719 | D:9      | Identified the +0 robe of Ceb Vuo {rPois Str+2 Int-2 Dex+6}
  8744 | D:9      | Noticed Prince Ribbit
  8752 | D:9      | Killed Prince Ribbit
  8972 | D:10     | Entered Level 10 of the Dungeon
 10143 | D:11     | Noticed a purple ugly thing
 10149 | D:11     | Killed a purple ugly thing
 10353 | D:11     | Found a staircase to the Orcish Mines.
 10427 | D:11     | Reached skill level 10 in Invocations
 10449 | D:11     | Reached skill level 10 in Long Blades
 10609 | D:11     | Identified the +2 robe "Oheobura" {Dex+3}
 10682 | D:11     | Identified the +6 great mace of Quantum Leap {freeze,
                  | *Corrode rF- Str+9 Dex+2}
 10682 | D:11     | Noticed a two-headed ogre
 10683 | D:11     | Found a transporter.
 10684 | D:11     | Noticed Quickbrownfox's ghost (journeyman DsCj)
 10685 | D:11     | Noticed a two-headed ogre
 10685 | D:11     | Noticed a two-headed ogre
 10686 | D:11     | Noticed a two-headed ogre
 10688 | D:11     | Noticed a two-headed ogre
 10763 | D:12     | Noticed a sixfirhy
 10791 | D:12     | Reached XP level 12. HP: 38/84 MP: 19/19
 11534 | D:12     | Noticed a boulder beetle
 11552 | D:12     | Killed a boulder beetle
 11708 | D:12     | Found Yrchuyme's Weapon Emporium.
 11853 | Lair:1   | Entered Level 1 of the Lair of Beasts
 12263 | Lair:1   | Reached ***** piety under Hepliaklqana
 12849 | Lair:2   | Found a staircase to the Shoals.
 13566 | Lair:3   | Found a sacrificial altar of Ru.
 13589 | Lair:3   | Gained mutation: You are powered by pain. [demonic
                  | ancestry]
 13589 | Lair:3   | Reached XP level 13. HP: 77/90 MP: 21/21
 13619 | Lair:3   | Found a hole to the Spider Nest.
 13803 | Lair:4   | Killed from afar by a rime drake

Illustrated notes

Levels and vault maps discovered:
D:1:      lightli_iron_boxes, layout_rooms
D:2:      cheibrodos_helix_gallery, layout_loops_ring, basic_altar, uniq_terence
D:3:      layout_basic, minmay_starry_boxes, uniq_ijyb
D:4:      layout_loops_corners, minitemple,
          minmay_temple_entry_statues_fountains
D:5:      layout_basic, grunt_qazlal_clouds
D:6:      layout_cave_pools, chequers_temple_overflow_statue_of_worship,
          nicolae_ossuary_entry_catacombs, serial_gnoll_camp,
          gnoll_camp_mini_doghouse, gnoll_camp_mini_loothouse,
          gnoll_camp_huts_basic, gnoll_camp_medium_02, gnoll_camp_mini_hut,
          kennysheep_cross_room
D:7:      layout_loops_cross, uniq_pikel
D:8:      layout_rooms, lemuel_round_altar, roderic_batcave
D:9:      layout_roguey, grunt_temple_overflow_cloverleaf,
          vehumet_altar_wand_db, dpeg_lair_monsters, uniq_prince_ribbit1
D:10:     layout_stronghold, nicolae_overflow_hidden_temple
D:11:     layout_roguey, kennysheep_orc_monster_closet_entryway,
          gammafunk_ghost_smash
D:12:     layout_loops_cross, serial_shops, kennysheep_mini
Temple:   nicolae_temple_bog_church
Lair:1:   hellmonk_ruined_rings, layout_regular_city, lemuel_fruit_tree
Lair:2:   layout_roguey, elwin_shoals_entry_stream
Lair:3:   layout_cave_shapes, spider_nest_entry_a, basic_altar
Lair:4:   layout_hall_layers, dpeg_slime_entry_enclosed,
          nicolae_lair_grove_arrangements, grunt_megastairs_4

Skill      XL: |  1  2  3  4  5  6  7  8  9 10 11 12 13 |
---------------+----------------------------------------+-----
Dodging        | 2 3 |  3.3
Armour         | 1 2 3 4 5 |  5.9
Maces & Flails | 1 |  1.3
Fighting       | 2 3 4 5 6 7 8 9 |  9.9
Ranged Weapons | 2 |  2.9
Ice Magic      | 1 2 |  2.0
Invocations    | 1 3 5 7 8 10 11 12 | 12.0
Long Blades    | 1 3 5 7 8 10 11 12 | 12.0
Shields        | 4 6 9 |  9.4
Spellcasting   | |  1.0
Hexes          | |  3.0

Action                     |  1- 3 |  4- 6 |  7- 9 | 10-12 | 13-15 || total
---------------------------+-------+-------+-------+-------+-------++-------
  Melee: Whip              |   152 |    18 |       |       |       ||   170
         Punch             |     3 |       |     6 |     8 |       ||    17
         Kick              |    18 |     7 |     1 |       |       ||    26
         Long sword        |       |    10 |   221 |   438 |    54 ||   723
   Fire: Sling             |     7 |   193 |       |       |       ||   200
   Cast: Slow              |    16 |       |       |       |       ||    16
         Poisonous Vapours |       |     1 |       |       |       ||     1
 Invoke: Ancestor Life: He |       |       |     1 |       |       ||     1
         Idealise          |       |       |       |     4 |     1 ||     5
  Evoke: Wand              |       |     5 |     5 |    10 |     1 ||    21
    Use: Scroll            |     4 |     7 |     8 |     6 |     7 ||    32
         Potion            |     1 |     8 |     1 |     5 |       ||    15
   Stab: Sleeping          |     1 |     1 |     1 |       |       ||     3
         Confused          |       |       |     1 |     9 |     2 ||    12
         Distracted        |       |       |       |     1 |     1 ||     2
 Armour: Robe              |     7 |       |       |       |       ||     7
         Leather armour    |    42 |    32 |    44 |       |       ||   118
         Skin              |       |    67 |       |       |       ||    67
         Scale mail        |       |       |    31 |   143 |    50 ||   224
  Dodge: Dodged            |   102 |   104 |   275 |   282 |    74 ||   837
  Block: Other             |       |       |    52 |    68 |       ||   120
         Kite shield       |       |       |       |    68 |   107 ||   175
